 Dungeon Crawl Stone Soup version 0.27-a0-512-g57cc695410 (webtiles) character file.

Game seed: 8642462187772131137

1543 Crimsoncloak the Digger (level 8, -1/54 HPs)
             Began as an Octopode Earth Elementalist on Mar 3, 2021.
             Was an Initiate of Vehumet.
             Killed by nerve-wracking pain
             ... invoked by an orc priest
              (4 damage)
             ... on level 6 of the Dungeon.
             The game lasted 00:20:33 (11423 turns).

Crimsoncloak the Digger (OpEE)                     Turns: 11423, Time: 00:20:34

Health: -1/54      AC:  1    Str:  7    XL:     8   Next: 87%
Magic:  4/14       EV: 15    Int: 19    God:    Vehumet [......]
Gold:   217        SH:  0    Dex: 13    Spells: 11/15 levels left

rFire    . . .     SeeInvis .   q - +2 spear (venom)
rCold    . . .     Faith    .   (no shield)
rNeg     . . .     Spirit   .   (helmet restricted)
rPois    .         Reflect  .   v - amulet of magic regeneration
rElec    .         Harm     .   (no ring)
rCorr    .         Rampage  .   (no ring)
Will     .....                  (no ring)
Stlth    ++++......             (no ring)
HPRegen  0.18/turn              (no ring)
MPRegen  0.39/turn              (no ring)
                                (no ring)
                                (no ring)

@: no status effects
A: almost no armour, stealthy swim, amphibious, 8 rings, constrict 8, camouflage
1, gelatinous body 1
a: Renounce Religion


You were on level 6 of the Dungeon.
You worshipped Vehumet.
Vehumet was noncommittal.
You visited 2 branches of the dungeon, and saw 9 of its levels.

You collected 217 gold pieces.

Inventory:

Hand Weapons
 q - a +2 spear of venom (weapon)
Missiles
 b - 280 stones
 n - 41 poisoned darts (quivered)
Jewellery
 c - a ring of fire
 v - an amulet of magic regeneration (around mantle)
Wands
 l - a wand of polymorph (2)
 p - a wand of iceblast (2)
 w - a wand of flame (10)
Scrolls
 a - 2 scrolls of teleportation {unknown}
 d - 2 scrolls of torment {unknown}
 e - 4 scrolls of fog {unknown}
 g - 4 scrolls of amnesia {unknown}
 i - 5 scrolls of blinking
 k - 2 scrolls of enchant weapon {unknown}
 s - a scroll of brand weapon {unknown}
 x - a scroll of fear {unknown}
Potions
 f - a potion of attraction
 h - 2 potions of berserk rage
 j - a potion of cancellation
 m - a potion of resistance
 o - a potion of curing {unknown}
 r - 2 potions of brilliance
 t - a potion of heal wounds {unknown}
 u - 3 potions of flight {unknown}


   Skills:
 + Level 3.7 Fighting
 + Level 4.1 Dodging
 + Level 6.1 Stealth
 + Level 4.0 Spellcasting
 + Level 3.7 Transmutations
 * Level 6.3 Earth Magic
 + Level 3.2 Evocations


You had 11 spell levels left.
You knew the following spells:

 Your Spells              Type           Power        Failure   Level
a - Sandblast             Erth           54%          1%          1
b - Stone Arrow           Conj/Erth      30%          12%         3

Your spell library contained the following spells:

 Spells                   Type           Power        Failure   Level
 Passwall                 Tmut/Erth      18%          2%          2
 Animate Skeleton         Necr           6%           14%         1
 Apportation              Tloc           6%           14%         1
 Corona                   Hex            3%           14%         1
 Summon Small Mammal      Summ           12%          14%         1
 Petrify                  Tmut/Erth      22%          17%         4
 Lee's Rapid Deconstruct  Erth           13%          28%         5


Dungeon Overview and Level Annotations

Branches:
Dungeon (8/15)             Temple (1/1) D:5
   Lair: D:8-11

Altars:
Ashenzari
Gozag
Makhleb
Okawaru
Ru
Trog
Uskayaw
Vehumet
Wu Jian
Yredelemnul
Zin
The Shining One

Shops:
D:6 !   D:8 *

Annotations:
D:3 1 runed translucent door


Innate Abilities, Weirdness & Mutations

You cannot wear most types of armour.
You are very stealthy in the water. (Stealth+)
You are amphibious.
You can wear up to eight rings at the same time.
You can use your tentacles to constrict eight enemies at once.
Your skin changes colour to match your surroundings (Stealth+).
Your rubbery body absorbs attacks. (AC +1, EV +1)


Message History

Press: ? - help, Shift-Dir - straight line, f - orc warrior
Aim: an orc warrior, wielding a +0 trident and wearing a +0 chain mail (36% to evade)
The stone arrow misses the orc warrior.
The orc warrior hits you from afar with a +0 trident!!
Casting: Stone Arrow (dangerous; 12% risk of failure)
Confirm with . or Enter, or press ? or * to list all spells.
Aiming: Stone Arrow (dangerous; 12% risk of failure)
Press: ? - help, Shift-Dir - straight line, f/p - orc warrior
Aim: an orc warrior, wielding a +0 trident and wearing a +0 chain mail (36% to evade)
The stone arrow misses the orc warrior.
The orc warrior completely misses you.
Casting: Stone Arrow (dangerous; 12% risk of failure)
Confirm with . or Enter, or press ? or * to list all spells.
Aiming: Stone Arrow (dangerous; 12% risk of failure)
Press: ? - help, Shift-Dir - straight line, f/p - orc warrior
Aim: an orc warrior, wielding a +0 trident and wearing a +0 chain mail (36% to evade)
The stone arrow hits the orc warrior.
The orc warrior is lightly wounded.
The orc warrior barely misses you.
Casting: Stone Arrow (dangerous; 12% risk of failure)
Confirm with . or Enter, or press ? or * to list all spells.
Aiming: Stone Arrow (dangerous; 12% risk of failure)
Press: ? - help, Shift-Dir - straight line, f/p - orc warrior
Aim: an orc warrior, wielding a +0 trident and wearing a +0 chain mail (lightly wounded, 36% to evade)
The stone arrow misses the orc warrior.
The orc warrior hits you from afar with a +0 trident!
Casting: Stone Arrow (dangerous; 12% risk of failure)
Confirm with . or Enter, or press ? or * to list all spells.
Aiming: Stone Arrow (dangerous; 12% risk of failure)
Press: ? - help, Shift-Dir - straight line, f/p - orc warrior
Aim: an orc warrior, wielding a +0 trident and wearing a +0 chain mail (lightly wounded, 36% to evade)
The stone arrow hits the orc warrior!
The orc warrior is heavily wounded.
The orc warrior hits you from afar with a +0 trident!!
* * * LOW HITPOINT WARNING * * *
Blink to where?
Press: ? - help, Dir - move target, p - orc warrior
As you read the scroll of blinking, it crumbles to dust.
The orc priest calls down the wrath of Beogh upon you.
Pain shoots through your body!
You die...

#..#..##..#.⌠.⌠...
#.._#_..#..#8.8.8h.
## #####..####.o.o
#.._#_..#..# #.o.
#..#..##o##
+#.#.#'.†# .#
#####...######.####
#.#..##........#
#@##.##........#
#####.##...........#
#......#...........#
#..................#
#.................[#
#.....#..........###
#.....#.....####.#
#.....#..#.## #
#.....#.>#.#


You could see an orc priest.

Vanquished Creatures
  2 ice beasts
  An ogre (D:6)
  3 bullfrogs
  A scorpion (D:6)
  A howler monkey (D:7)
  8 wights
  A centaur skeleton (D:5)
  2 orc priests
  A hound (D:8)
  2 bullfrog skeletons
  Natasha (thrice) (D:2)
  An orc wizard (D:4)
  2 worker ants
  A hound zombie (D:5)
  Robin (D:2)
  4 gnolls
  8 adders
  A shadow imp (D:7)
  4 white imps
  An adder zombie (D:8)
  5 worms
  3 dart slugs
  3 leopard geckos
  19 orcs
  3 ball pythons
  6 giant cockroaches
  10 hobgoblins
  13 jackals
  3 quokkas
  10 bats
  14 goblins
  A jackal skeleton (D:4)
  10 kobolds
  10 rats
158 creatures vanquished.

Notes
Turn   | Place    | Note
-------+----------+-------------------------------------------
     0 | D:1      | Crimsoncloak the Octopode Earth Elementalist began the
                  | quest for the Orb.
     0 | D:1      | Reached XP level 1. HP: 11/11 MP: 3/3
   725 | D:1      | Reached XP level 2. HP: 4/17 MP: 0/5
  1455 | D:2      | Reached XP level 3. HP: 1/22 MP: 4/6
  1760 | D:2      | Noticed Natasha
  1768 | D:2      | Killed Natasha
  1782 | D:2      | Reached skill level 1 in Fighting
  1784 | D:2      | Reached XP level 4. HP: 14/28 MP: 7/7
  2231 | D:2      | Noticed Natasha
  2474 | D:2      | Killed Natasha
  2660 | D:2      | Found an ornate altar of the Wu Jian Council.
  2663 | D:2      | Found a hide-covered altar of Uskayaw.
  2666 | D:2      | Found a bloodstained altar of Trog.
  2901 | D:2      | Reached XP level 5. HP: 21/33 MP: 4/8
  3403 | D:2      | Noticed Natasha
  3418 | D:2      | Killed Natasha
  3696 | D:3      | Found a glowing silver altar of Zin.
  3696 | D:3      | Found a runed translucent door.
  3696 | D:3      | Noticed an angel
  3878 | D:3      | Noticed Robin
  3974 | D:2      | Killed Robin
  4929 | D:4      | Reached XP level 6. HP: 36/39 MP: 10/10
  4933 | D:4      | Learned a level 3 spell: Stone Arrow
  6442 | D:4      | Reached skill level 1 in Evocations
  7375 | D:5      | Entered Level 5 of the Dungeon
  7375 | D:5      | Found an opulent altar of Gozag.
  7583 | D:5      | Noticed an ice beast
  7602 | D:5      | Reached XP level 7. HP: 17/45 MP: 11/11
  7910 | D:5      | Found a staircase to the Ecumenical Temple.
  7941 | Temple   | Entered the Ecumenical Temple
  8023 | Temple   | Became a worshipper of Vehumet
  8203 | D:5      | Identified the +1 leather armour of Autumn {*Corrode Int+8
                  | Slay-5 SInv}
  8306 | D:5      | Reached skill level 5 in Earth Magic
  8661 | D:6      | You fall into a shaft and drop 2 floors!
  8707 | D:8      | Identified the +0 scale mail of Curiosity {Dex+2}
  9091 | D:8      | Found a basalt altar of Yredelemnul.
  9150 | D:8      | Found Yrut's General Store.
  9463 | D:8      | Reached skill level 5 in Stealth
  9915 | D:8      | Reached XP level 8. HP: 26/52 MP: 1/13
 11361 | D:6      | Found an opulent altar of Gozag.
 11362 | D:6      | Found a broken altar of Ashenzari.
 11362 | D:6      | Found an iron altar of Okawaru.
 11373 | D:6      | Found a glowing silver altar of Zin.
 11385 | D:6      | Found Zamall's Distillery.
 11418 | D:6      | HP: 2/54 [orc warrior/+0 trident (19)]
 11423 | D:6      | Killed from afar by an orc priest

Illustrated notes

Levels and vault maps discovered:
D:1:      zelgadis_glass_arrival_small, layout_rooms, st_stairs_5
D:2:      layout_loops_ring, minmay_overflow_temple_star_quad, uniq_natasha
D:3:      layout_basic, lemuel_angel_altar, uniq_robin
D:4:      layout_layer_cave, uniq_grinder
D:5:      layout_cave_pools, minmay_temple_entry_slanted, basic_altar
D:6:      layout_basic, nicolae_overflow_quartered_altars, serial_shops,
          nicolae_shop_temple_entry_statues_fountains, minmay_manual_moon
D:7:      cheibrodos_quashed, layout_cave_pools, nrook_uturn,
          kennysheep_generic_room_7
D:8:      layout_loops_corners, serial_shops, nicolae_shop_waterfront,
          yredelemnul_altar_generic
Temple:   regret_index_temple_generic_petals

Skill      XL: |  1  2  3  4  5  6  7  8 |
---------------+-------------------------+-----
Stealth        | 3 4 5 6 |  6.1
Fighting       | 1 2 3 |  3.7
Earth Magic    | 4 5 6 |  6.3
Transmutations | 2 3 |  3.7
Evocations     | 1 2 3 |  3.2
Dodging        | 3 4 |  4.1
Spellcasting   | 3 4 |  4.0

Action                   |  1- 3 |  4- 6 |  7- 9 || total
-------------------------+-------+-------+-------++-------
Melee: Unarmed           |    16 |       |       ||    16
       Club              |    21 |       |       ||    21
       Constrict         |    20 |    46 |    24 ||    90
       Tentacles         |    14 |    25 |    12 ||    51
       Short sword       |    36 |   118 |       ||   154
       Spear             |       |    66 |    94 ||   160
Throw: Dart              |       |     3 |     4 ||     7
 Cast: Sandblast         |     7 |    25 |    19 ||    51
       Stone Arrow       |       |     2 |    45 ||    47
Evoke: Wand              |       |     1 |       ||     1
  Use: Scroll            |       |       |     8 ||     8
 Stab: Sleeping          |     1 |     6 |     7 ||    14
Armor: Skin              |    22 |    10 |     2 ||    34
Dodge: Dodged            |    74 |   150 |    75 ||   299

Table legend: (Time is in decaauts)
 A = Elapsed time spent in this place.
 B = Non-inter-level travel time spent in this place.
 C = Inter-level travel time spent in this place.
 D = Time resting spent in this place.
 E = Time spent auto-exploring this place.
 F = Levels seen in this place.
 G = Mean time per level.
                   A        B        C        D        E       F      G
               +--------+--------+--------+--------+--------+-----+--------+
         Total |  11469 |  11054 |    415 |   4333 |   4463 |   9 | 1274.3 |
       Dungeon |  11364 |  10979 |    385 |   4333 |   4391 |   8 | 1420.5 |
        Temple |    104 |     74 |     30 |      0 |     72 |   1 |  104.0 |
               +--------+--------+--------+--------+--------+-----+--------+

Top non-repeatable levels by time:
     D:4: 2517 daAuts
     D:2: 2239 daAuts
     D:1: 1771 daAuts
     D:8: 1466 daAuts
     D:5: 1144 daAuts
     D:7: 1050 daAuts
     D:3: 877 daAuts
     D:6: 297 daAuts
  Temple: 104 daAuts
